Map: Kairos Junction LE

Players

Special

  • Race: Terran Terran
  • League: Master
  • Spawn Location: 5:00

Neeb - Winner!

  • Race: Protoss Protoss
  • Spawn Location: 11:00

Event: 2019 WCS Spring

VOD

Have the link to the VOD?

Description

Time

  • Played on: May 19, 2019, 11:19 a.m.
  • Length: 10:18

All games in this series

Show
View Real Time Build Order
Export as new Build Order

Special Terran 

Build Orders:  

Get SALT Encoding   

  12  0:00  SCV  
  13  0:12  SCV  
  14  0:17  Supply Depot  
  14  0:24  SCV  
  15  0:39  SCV  
  15  0:40  Barracks  
  16  0:45  Refinery  
  16  0:51  SCV  
  17  1:03  SCV  
  18  1:15  SCV  
  19  1:27  SCV  
  19  1:28  Reaper  
  21  1:33  Command Center  
  21  1:44  Orbital Command  
  21  1:52  Supply Depot  
  21  2:00  Marine  
  22  2:06  Factory  
  22  2:10  SCV  
  23  2:21  Barracks Reactor  
  24  2:22  SCV  
  24  2:27  Refinery  
  24  2:35  SCV  
  25  2:40  Barracks  
  25  2:46  Orbital Command  
  25  2:47  SCV  
  25  2:52  Factory Tech Lab  
  25  2:58  Marine x2  
  25  3:00  SCV  
  28  3:11  Cyclone  
  28  3:12  SCV x2  
  33  3:17  Marine x2  
  35  3:24  SCV x2  
  37  3:31  Starport  
  37  3:35  Marine x2  
  37  3:36  SCV x2  
  37  3:37  Marine  
  41  3:46  Supply Depot  
  42  3:48  SCV x2  
  43  3:59  Bunker  
  43  4:00  SCV x2  
  43  4:01  Marine  
  46  4:07  Marine x2  
  46  4:08  Siege Tank  
  51  4:12  SCV  
  51  4:14  Starport Tech Lab  
  51  4:15  SCV  
  51  4:16  Supply Depot  
  52  4:24  SCV, Marine  
  52  4:26  Marine  
  52  4:28  SCV  
  54  4:34  Supply Depot  
  54  4:38  SCV, Raven  
  57  4:39  Supply Depot  
  57  4:40  SCV, Refinery  
  58  4:50  SCV, Marine x2  
  58  4:52  SCV  
  62  4:53  Factory Tech Lab  
  62  4:54  Barracks  
  62  4:57  Marine  
  62  5:01  Supply Depot  
  62  5:02  SCV, Stimpack  
  62  5:04  SCV  
  64  5:07  Engineering Bay  
  64  5:08  Marine  
  64  5:13  Refinery  
  65  5:14  SCV  
  65  5:16  SCV  
  65  5:20  Marine x2  
  69  5:24  Siege Tank, Supply Depot  
  69  5:26  SCV, Marine  
  74  5:28  SCV  
  74  5:31  Starport Reactor  
  74  5:34  Terran Infantry Weapons Level 1  
  75  5:36  Supply Depot  
  75  5:38  SCV, Marine  
  75  5:40  SCV  
  75  5:41  Marauder  
  80  5:44  Marine  
  80  5:47  Supply Depot  
  80  5:51  Marauder  
  80  5:56  Marine  
  83  5:58  Combat Shield  
  83  6:01  Marine  
  83  6:02  Marauder  
  86  6:06  Supply Depot  
  86  6:11  Medivac x2  
  90  6:14  Supply Depot, Marine  
  91  6:19  Marine  
  91  6:23  Marauder  
  91  6:24  Marauder  
  96  6:31  Missile Turret, Siege Tank  
  96  6:32  Marine  
  100  6:37  Marine, Supply Depot  
  100  6:39  SCV x2  
  103  6:40  Command Center  
  103  6:42  Medivac  
  103  6:45  Medivac  
  107  6:50  Marine  
  108  6:55  SCV x2, Marine  
  108  7:00  Marauder x2  
  115  7:06  Liberator  
  115  7:07  Siege Tank, Marine  
  119  7:11  Barracks, Supply Depot  
  119  7:12  SCV x2  
  119  7:13  Marine  
  119  7:15  Barracks  
  115  7:25  Marauder, Marine  
  120  7:30  SCV, Marine  
  120  7:31  SCV  
  120  7:33  Marauder  
  120  7:43  Marine  
  120  7:48  Marine  
  120  7:49  Marauder  
  110  7:57  SCV x2  
  102  7:59  Marauder, Siege Tank  
  102  8:01  Marine  
  109  8:06  Marine  
  109  8:09  Viking x2  
  109  8:10  Marauder  
  109  8:12  Barracks Tech Lab  
  110  8:14  SCV x2, Command Center  
  110  8:20  Marauder, Supply Depot  
  110  8:23  Terran Infantry Armor Level 1  
  110  8:24  Marine x2  
  110  8:26  SCV x2, Barracks Reactor  
  115  8:34  Siege Tank  
  118  8:38  SCV  
  119  8:45  Marine x2  
  119  8:46  Marauder x2, Supply Depot  
  119  8:47  Viking x2  
  129  8:52  Ghost Academy  
  129  9:00  Marine, Supply Depot  
  130  9:03  Marine x2  
  130  9:06  Siege Tank  
  130  9:08  Marine x2  
  130  9:09  Marauder  
  139  9:12  Marauder  
  141  9:20  Viking  
  143  9:26  Viking  
  143  9:30  Marine x2  
  147  9:33  Marine  
  147  9:38  Marauder, Siege Tank  
  153  9:41  Marauder  
  153  9:45  Marauder  
  151  9:54  Marine  
Show
View Real Time Build Order
Export as new Build Order

Neeb Protoss - Winner!

Build Orders: 1 Gate Expand, Colossus Rush 

Get SALT Encoding   

  12  0:00  Probe  
  13  0:12  Probe  
  14  0:17  Pylon  
  14  0:24  Probe  
  15  0:32  Probe  
  15  0:37  Gateway  
  15  0:40  Probe  
  16  0:48  Assimilator  
  17  0:51  Probe  
  18  1:03  Probe  
  19  1:15  Probe  
  20  1:24  Cybernetics Core  
  20  1:32  Nexus  
  20  1:35  Probe  
  21  1:43  Pylon  
  21  1:47  Probe  
  21  1:51  Adept  
  21  1:52  Assimilator  
  22  1:59  Probe  
  25  2:11  Probe, Adept  
  26  2:17  Robotics Facility  
  28  2:24  Probe  
  29  2:36  Warp Gate, Probe  
  30  2:41  Stalker  
  30  2:44  Probe  
  32  2:48  Probe  
  33  2:56  Probe  
  33  2:57  Warp Prism  
  34  3:00  Probe  
  34  3:08  Probe  
  34  3:12  Probe  
  38  3:13  Stalker  
  40  3:20  Probe  
  40  3:24  Probe  
  42  3:30  Pylon  
  42  3:32  Probe  
  42  3:33  Observer  
  44  3:36  Probe  
  45  3:41  Probe  
  45  3:44  Probe  
  45  3:46  Robotics Bay  
  47  3:49  Probe  
  47  3:52  Probe  
  48  3:58  Observer  
  48  4:01  Gateway  
  48  4:02  Probe  
  50  4:03  Pylon, Gateway  
  51  4:12  Probe  
  51  4:14  Probe  
  51  4:16  Assimilator  
  53  4:17  Assimilator  
  53  4:22  Observer, Pylon  
  54  4:24  Probe  
  54  4:29  Probe  
  56  4:32  Colossus  
  56  4:36  Probe  
  56  4:38  Observer  
  57  4:41  Probe  
  57  4:42  Pylon  
  64  4:46  Forge  
  64  4:48  Probe  
  65  4:58  Probe  
  66  5:01  Probe  
  66  5:03  Nexus  
  66  5:06  Pylon  
  67  5:09  Sentry  
  69  5:22  Probe x2  
  69  5:23  Twilight Council  
  69  5:25  Protoss Ground Armor Level 1  
  69  5:26  Colossus  
  76  5:28  Observer  
  76  5:32  Charge  
  76  5:35  Gateway  
  76  5:36  Extended Thermal Lance, Gateway  
  76  5:41  Gateway  
  76  5:54  Gateway  
  76  5:57  Observer  
  76  5:58  Pylon, Gateway  
  76  6:03  Zealot  
  78  6:08  Zealot x2  
  78  6:10  Probe x2  
  84  6:17  Pylon  
  84  6:23  Colossus  
  91  6:32  Zealot x3  
  96  6:37  Zealot x2  
  100  6:42  Zealot  
  102  6:49  Zealot  
  102  6:51  Pylon  
  102  6:54  Zealot x3  
  108  7:00  Photon Cannon  
  110  7:06  Zealot  
  110  7:07  Zealot x2  
  117  7:14  Pylon  
  114  7:15  Pylon  
  114  7:21  Colossus  
  118  7:32  Zealot x3  
  122  7:38  Probe  
  122  7:39  Probe x2  
  123  7:50  Probe  
  106  7:51  Protoss Ground Armor Level 2  
  106  7:55  Stalker x5, Zealot  
  106  7:56  Zealot  
  106  7:57  Observer, Probe x2  
  118  8:05  Probe  
  119  8:07  Pylon  
  119  8:09  Probe x2  
  119  8:10  Warp Prism  
  124  8:21  Pylon  
  121  8:30  Zealot x6  
  133  8:39  Forge  
  133  8:41  Sentry  
  133  8:45  Nexus  
  133  8:46  Sentry  
  137  8:50  Immortal  
  137  8:54  Assimilator  
  137  8:55  Assimilator  
  141  9:04  Templar Archives  
  139  9:14  Zealot x5  
  149  9:21  Stalker x2  
  146  9:25  Stalker  
  145  9:35  Stalker x2  
  149  9:39  Stalker  
  151  9:49  High Templar  
  151  9:50  High Templar x2  
  157  9:54  Archon  
  157  9:55  Zealot x2  
  139  10:02  Zealot x3  
Tags
 
Add a new tag
Caveats
  • Supply blocks, unpowered buildings, or Contaminate may cause inaccurate times.
  • Supply counts are checked every 10 seconds.